 Dungeon Crawl Stone Soup version 0.29-a0-553-g81b289dbe5 (webtiles) character file.

Game seed: 92813122927175485

32 DocClef the Covert (level 3, 0/35 HPs)
             Began as a Gnoll Delver on June 6, 2022.
             Slain by a scorpion (4 damage)
             ... on level 5 of the Dungeon.
             The game lasted 00:00:21 (79 turns).

DocClef the Covert (Gnoll Delver)                     Turns: 79, Time: 00:00:21

Health: 0/35       AC:  3    Str: 13    XL:     3   Next: 27%
Magic:  3/4        EV: 13    Int:  9    God:
Gold:   19         SH:  0    Dex: 13    Spells: 3/3 levels left

rFire   . . .      SeeInvis .   a - +0 short sword
rCold   . . .      Faith    .   (no shield)
rNeg    . . .      Spirit   .   b - +0 leather armour
rPois   .          Reflect  .   (no helmet)
rElec   .          Harm     .   (no cloak)
rCorr   .          Rampage  .   (no gloves)
Will    .....                   (no boots)
Stlth   ++++......              (no amulet)
HPRegen 0.11/turn               (no ring)
MPRegen 0.09/turn               (no ring)

@: lethally poisoned (0 -> -4)
A: fangs 1, strong nose, distributed training
a: no special abilities


You were on level 5 of the Dungeon.
You visited 1 branch of the dungeon, and saw 2 of its levels.

You collected 19 gold pieces.

Inventory:

Hand Weapons
 a - a +0 short sword (weapon)
Armour
 b - a +0 leather armour (worn)
Jewellery
 h - a +4 ring of protection
Wands
 g - a wand of digging (3)
Scrolls
 c - a scroll of fog
 d - a scroll of magic mapping
 e - a scroll of fear
Potions
 f - a potion of haste
 i - a potion of resistance {unknown}


   Skills:
 + Level 6.5 Fighting
 + Level 4.5 Short Blades
 + Level 0.7 Long Blades
 + Level 0.7 Axes
 + Level 0.7 Maces & Flails
 + Level 0.7 Polearms
 + Level 0.7 Staves
 + Level 0.7 Slings
 + Level 0.7 Bows
 + Level 0.7 Crossbows
 + Level 0.7 Throwing
 + Level 0.7 Armour
 + Level 4.5 Dodging
 + Level 9.5 Stealth
 + Level 0.7 Shields
 + Level 0.7 Unarmed Combat
 + Level 0.7 Spellcasting
 + Level 0.5 Conjurations
 + Level 0.5 Hexes
 + Level 0.5 Summonings
 + Level 0.5 Necromancy
 + Level 0.5 Translocations
 + Level 0.5 Transmutations
 + Level 0.5 Fire Magic
 + Level 0.5 Ice Magic
 + Level 0.5 Air Magic
 + Level 0.5 Earth Magic
 + Level 0.5 Poison Magic
 + Level 0.9 Invocations
 + Level 0.7 Evocations


You had 3 spell levels left.
You didn't know any spells.
Your spell library was empty.

Dungeon Overview and Level Annotations

Branches:
Dungeon (5/15)
 Temple: D:4-7

Altars:

Annotations:
D:5 1 transporter


Innate Abilities, Weirdness & Mutations

You have very sharp teeth.
Your uncanny sense of smell can sniff out nearby items.
Your experience applies equally to all skills.


Message History

You hit the scorpion.
The scorpion is lightly wounded.
The orc barely misses you. The orc hits you with a +0 club.
The scorpion misses you.
Unknown command.
The orc misses you.
The orc hits you with a +2 vampiric whip.
The orc closely misses you. The scorpion stings you.
You climb downwards.
There is a stone staircase leading up here.
You puncture the orc!
You kill the orc!
The orc hits you but does no damage. The orc barely misses you.
The scorpion closely misses you.
Found a dire flail.
Found a transporter.
The scorpion closely misses you. The orc barely misses you.
Things that are here:
a +0 club; a +0 leather armour The scorpion attacks as you move away!
The scorpion stings you.
You are poisoned.
The scorpion poisons you! The orc attacks as you move away!
The orc hits you with a +2 vampiric whip.
You feel very sick. The orc misses you. The scorpion attacks as you move away!
The scorpion stings you but does no damage.
You feel sick. The scorpion stings you.
* * * LOW HITPOINT WARNING * * *
* * * LOW HITPOINT WARNING * * *
You feel sick. The scorpion attacks as you move away!
The scorpion closely misses you.
* * * LOW HITPOINT WARNING * * *
You feel sick.
Unknown command.
* * * LOW HITPOINT WARNING * * *
You feel sick.
* * * LOW HITPOINT WARNING * * *
You feel sick. The scorpion attacks as you move away! The scorpion stings you.
You die...

..h######
#.##.......#.# ..
##### #.##.#.....#.#
......##.##.......#.#
#####.#<.#####....#.#
≈#P8#.#l............#
P#..#..o######.#.#..#
≈+)©#©..# #......#
≈#..#..o######.##...#
≈#P8#.#.os@.....#...#
#####..########.#...#
....... ####.#...#
...###. ..........#
... .. ######....#
..∆ .. ..........#∆
##. #######....#.#
...........#.#
########...#.###


You could see a scorpion and 2 orcs.

Vanquished Creatures
  An orc priest (D:4)
  An orc (D:5)
2 creatures vanquished.

Notes
Turn   | Place    | Note
-------+----------+-------------------------------------------
     0 | D:5      | Reached skill level 9 in Stealth
     0 | D:5      | DocClef the Gnoll Delver began the quest for the Orb.
     0 | D:5      | Reached XP level 1. HP: 23/23 MP: 1/1
    51 | D:5      | Noticed a hound
    52 | D:5      | Noticed an iguana
    66 | D:4      | Noticed a scorpion
    66 | D:4      | Noticed an orc priest
    67 | D:4      | Killed an orc priest
    68 | D:4      | Reached XP level 2. HP: 29/29 MP: 2/2
    68 | D:4      | Reached XP level 3. HP: 35/35 MP: 3/3
    72 | D:5      | Found a transporter.
    79 | D:5      | Slain by a scorpion

Illustrated notes

Levels and vault maps discovered:
D:4:      kennysheep_six_static_rooms, layout_basic, serial_shops,
          nicolae_diamond_shop, kennysheep_small_circle
D:5:      gammafunk_steamed_eel, layout_basic, kennysheep_generic_room_11

Skill      XL: | |
---------------+-+-----
Stealth        | |  9.5
Fighting       | |  6.5
Short Blades   | |  4.5
Long Blades    | |  0.7
Axes           | |  0.7
Maces & Flails | |  0.7
Polearms       | |  0.7
Staves         | |  0.7
Slings         | |  0.7
Bows           | |  0.7
Crossbows      | |  0.7
Throwing       | |  0.7
Armour         | |  0.7
Dodging        | |  4.5
Shields        | |  0.7
Unarmed Combat | |  0.7
Spellcasting   | |  0.7
Conjurations   | |  0.5
Hexes          | |  0.5
Summonings     | |  0.5
Necromancy     | |  0.5
Translocations | |  0.5
Transmutations | |  0.5
Fire Magic     | |  0.5
Ice Magic      | |  0.5
Air Magic      | |  0.5
Earth Magic    | |  0.5
Poison Magic   | |  0.5
Invocations    | |  0.9
Evocations     | |  0.7

Action                   || total
-------------------------++-------
Melee: Short sword       ||     3
 Stab: Sleeping          ||     1
Armor: Leather armour    ||     3
Dodge: Dodged            ||    10

Table legend: (Time is in decaauts)
 A = Elapsed time spent in this place.
 B = Non-inter-level travel time spent in this place.
 C = Inter-level travel time spent in this place.
 D = Time resting spent in this place.
 E = Time spent auto-exploring this place.
 F = Levels seen in this place.
 G = Mean time per level.
                   A        B        C        D        E       F      G
               +--------+--------+--------+--------+--------+-----+--------+
         Total |     78 |     78 |      0 |      0 |     45 |   2 |   39.0 |
       Dungeon |     78 |     78 |      0 |      0 |     45 |   2 |   39.0 |
               +--------+--------+--------+--------+--------+-----+--------+

Top non-repeatable levels by time:
     D:5: 75 daAuts
     D:4: 3 daAuts
